Cogmind - Beta 13 @@@ ROGUE MODE // 2024.04.06 @ 19:09:01 Player: yantz Result: Destroyed by G-34 Mercenary with Small Laser Performance ------------- Evolutions (1) 500 Regions Visited (2) 400 Robots Destroyed (23) 115 Value Destroyed (552) 552 Prototype IDs (0) 0 Alien Tech Used (0) 0 Bonus (0) 0 TOTAL SCORE: 1567 Bonus ------- None Cogmind --------- Core Integrity 0/400 Matter 37/300 Energy 64/100 System Corruption 0% Temperature Cool (6) Movement Core (50) Location -9/Materials Parts ------- > --- POWER (1) -------- (None) > --- PROPULSION (4) --- (None) > --- UTILITY (2) ------ (None) > --- WEAPON (2) ------- Mace > --- INVENTORY (5) ---- Shield Generator Rocket Launcher Mining Laser Peak State ------------ > --- POWER ------------ Ion Engine > --- PROPULSION ------- VTOL Module VTOL Module VTOL Module VTOL Module > --- UTILITY ---------- Small Storage Unit Shield Generator > --- WEAPON ----------- Light Assault Rifle Light Cannon > --- INVENTORY -------- Light Assault Rifle Rocket Launcher Mining Laser [Rating: 14] Favorites ----------- Power Ion Engine Engine Ion Engine Propulsion Aluminum Leg Leg Aluminum Leg Flight Unit VTOL Module Utility Small Storage Unit Device Shield Generator Storage Small Storage Unit Processor Signal Interpreter Weapon Light Assault Rifle Energy Gun Small Laser Energy Cannon EM Pulse Cannon Ballistic Gun Light Assault Rifle Ballistic Cannon Light Cannon Launcher Rocket Launcher Impact Weapon Mace Build | -11 -10 -9 ------- Run | Yrd Mat Mat Slots Evolved 2 | . . 2 Power . | . . . Propulsion 2 | . . 2 Utility . | . . . Weapon . | . . . Parts Attached 31 | 6 13 12 Power 4 | 1 1 2 Engine 4 | 1 1 2 Core . | . . . Reactor . | . . . Propulsion 8 | 2 4 2 Treads . | . . . Leg 4 | 2 2 . Wheel . | . . . Hover . | . . . Flight 4 | . 2 2 Utility 3 | 1 2 . Device 1 | . 1 . Storage 1 | 1 . . Processor 1 | . 1 . Hackware . | . . . Protection . | . . . Artifact . | . . . Weapon 16 | 2 6 8 Energy Gun 3 | 1 2 . Energy Cannon 2 | . . 2 Ballistic Gun 5 | 1 3 1 Ballistic Cannon 4 | . 1 3 Launcher 1 | . . 1 Special Weapon . | . . . Impact Weapon 1 | . . 1 Slashing Weapon . | . . . Piercing Weapon . | . . . Special Melee Weapon . | . . . Unidentified Prototypes . | . . . Parts Lost 10 | . 1 9 Power 1 | . . 1 Propulsion 4 | . . 4 Utility 1 | . . 1 Weapon 4 | . 1 3 Highest Loss Streak 5 | . 1 5 To Critical Strikes . | . . . Average Slot Usage (%) 73 | . 79 52 Engine 8 | . 10 5 Leg 15 | . 19 . Flight 10 | . 6 25 Device 3 | . 3 . Storage 13 | . 14 9 Energy Gun 4 | . 5 . Ballistic Gun 11 | . 13 5 Ballistic Cannon 4 | . 5 2 Naked Turns 2 | . . 2 Heaviest Build 16 | 12 16 16 Greatest Support 20 | 20 20 16 Greatest Overweight (x) 2 | . 2 1 Average Overweight (x) . | . . . Largest Inventory Capacity 8 | 8 8 8 Average Capacity 7 | 7 8 7 Most Carried 8 | 5 8 6 Average Carried 2 | . 3 4 Final Capacity 8 | 8 8 5 Final Carried 7 | . 7 3 Class Distribution -------------------- 85% | Mutant 14% | Sprinter Dominant Class ---------------- Mutant | -10/Materials Mutant | -9/Materials Resources | -11 -10 -9 ----------- Run | Yrd Mat Mat Matter Collected 459 | 226 233 . Remotely . | . . . Salvage Created 522 | . 248 274 Parts 45 | . 24 21 Haulers Intercepted . | . . . Recyclers Shooed 3 | . 1 2 Parts Field Recycled . | . . . Retrieved Matter . | . . . Parts Self-Destructed . | . . . Prevented . | . . . Kills | -11 -10 -9 ------- Run | Yrd Mat Mat Combat Hostiles Destroyed 19 | . 10 9 Guns 11 | . 9 2 Cannons 3 | . 1 2 AOE 5 | . . 5 Classes Destroyed 5 | . 3 2 Builder 2 | . 1 1 Watcher 2 | . . 2 Swarmer 8 | . 6 2 Grunt 8 | . 4 4 Sentry 3 | . . 3 Best Kill Streak 9 | . 6 9 Combat Bots Only 7 | . 6 7 Max Kills in Single Turn 2 | . 2 2 Gunslinging 1 | . 1 . Exploded 1 | . . 1 Melee . | . . . Uniques/NPCs Destroyed . | . . . Combat | -11 -10 -9 -------- Run | Yrd Mat Mat Hostile Shots Fired 160 | . 54 106 Missed 47 | . 16 31 Damage Taken 1324 | . 338 986 Core 530 | . 125 405 Absorbed by Shields . | . . . Core Remaining (%) 75 | 100 50 . Volleys Fired 76 | . 30 46 Largest 2 | . 2 1 Hottest 80 | . 80 63 Shots Fired 102 | . 56 46 Gun 60 | . 36 24 Cannon 33 | . 20 13 Launcher 9 | . . 9 Special . | . . . Kinetic 79 | . 46 33 Thermal 7 | . 7 . Explosive 9 | . . 9 Electromagnetic 7 | . 3 4 Robot Hit Streak 5 | . 4 5 Robot Miss Streak 7 | . 7 3 Penetration Max . | . . . Secondary Targets 3 | . 3 . Max Gunslinging Chain 1 | . 1 . Shots Hit Robots 50 | . 21 29 Core Hits 33 | . 15 18 Critical Kills 2 | . . 2 Critical Parts Destroyed . | . . . Critical Strikes 3 | . 1 2 Destroy 2 | . . 2 Blast 1 | . 1 . Melee Attacks 1 | . . 1 Impact 1 | . . 1 Slashing . | . . . Piercing . | . . . Sneak Attacks . | . . . Combat Hostiles . | . . . Follow-up Attacks . | . . . Damage Inflicted 1181 | . 312 869 Guns 279 | . 152 127 Cannons 343 | . 160 183 Explosions 532 | . . 532 Melee 26 | . . 26 Ramming 1 | . . 1 Kinetic 461 | . 243 218 Thermal 47 | . 47 . Explosive 532 | . . 532 Electromagnetic 114 | . 22 92 Impact 26 | . . 26 Slashing . | . . . Piercing . | . . . Highest Corruption . | . . . Average Corruption . | . . . Corruption Purged . | . . . Corruption Blocked . | . . . Overload Shots . | . . . Overflow Damage 46 | . 3 43 Projectiles 44 | . 3 41 Explosions 2 | . . 2 Melee . | . . . Knockbacks . | . . . Impact . | . . . Kinetic . | . . . Secondary . | . . . Self-Inflicted Damage 57 | . . 57 Shots 3 | . . 3 Rammed 1 | . . 1 Targets Rammed 1 | . . 1 Kicked . | . . . Crushed . | . . . Highest Temperature 93 | . 40 93 Average Temperature 32 | . 12 57 Received Heat Transfer 465 | . 63 402 Siege Activations . | . . . Robots Corrupted . | . . . Combat Hostiles . | . . . Parts Fried . | . . . Impact Corruptions . | . . . Robots Melted . | . . . Combat Hostiles . | . . . Parts Melted . | . . . Heat Transferred 100 | . 100 . Parts Sabotaged . | . . . Parts Stolen . | . . . Parts Stripped . | . . . Power Chain Reactions . | . . . Alert | -11 -10 -9 ------- Run | Yrd Mat Mat Peak Influence 335 | . 275 335 Initial 42 | . . 42 Average 100 | . 116 174 Maximum Alert Level 1 | . 1 1 Low Security (%) 86 | 100 90 55 Level 1 13 | . 9 44 Level 2 . | . . . Level 3 . | . . . Level 4 . | . . . Level 5 . | . . . High Security . | . . . Max Security . | . . . Squads Dispatched 5 | . 2 3 Investigation 1 | . 1 . Extermination . | . . . Reinforcement 4 | . 1 3 Assault . | . . . Garrison . | . . . Intercept . | . . . Searches Triggered . | . . . Construction Impeded 1 | . . 1 Haulers Reinforced . | . . . Active Scanning Responses . | . . . Cargo Convoy Interrupts . | . . . Stealth | -11 -10 -9 --------- Run | Yrd Mat Mat Distress Signals 3 | . . 3 Communications Jammed . | . . . Distress Signals . | . . . Times Spotted 31 | . 17 14 Peak Tracking Total 8 | . 6 8 Tactical Retreats 1 | . 1 . Traps | -11 -10 -9 ------- Run | Yrd Mat Mat Traps Triggered 4 | . 3 1 Indirectly . | . . . Trap Hack Attempts . | . . . Triggered . | . . . Disarmed . | . . . Reprogrammed . | . . . Reused . | . . . Traps Extracted . | . . . Installed . | . . . Triggered . | . . . Machines | -11 -10 -9 ---------- Run | Yrd Mat Mat Machines Disabled 1 | . . 1 Max in Single Turn 1 | . . 1 Machines Repaired . | . . . Machines Dismantled . | . . . Machines Sabotaged . | . . . Overloaded Fab Kills . | . . . Hacking | -11 -10 -9 --------- Run | Yrd Mat Mat Machines Accessed 1 | . 1 . Terminals 1 | . 1 . Fabricators . | . . . Repair Stations . | . . . Recycling Units . | . . . Scanalyzers . | . . . Garrison Access . | . . . Total Hacks 1 | . 1 . Successful 1 | . 1 . Failed . | . . . Catastrophic . | . . . Database Lockouts . | . . . Manual . | . . . Terminals 1 | . 1 . Fabricators . | . . . Repair Stations . | . . . Recycling Units . | . . . Scanalyzers . | . . . Garrison Access . | . . . Terminal Hacks 1 | . 1 . Surveillance Status 1 | . 1 . Fabricator Hacks . | . . . Repair Station Hacks . | . . . Recycling Unit Hacks . | . . . Scanalyzer . | . . . Garrison Access Hacks . | . . . Unauthorized Hacks . | . . . Terminals . | . . . Fabricators . | . . . Repair Stations . | . . . Recycling Units . | . . . Scanalyzers . | . . . Garrison Access . | . . . Data Cores Recovered . | . . . Used . | . . . Hacking Detections . | . . . Full Trace Events . | . . . Feedback Events . | . . . Feedback Blocked . | . . . Robot Schematics Acquired . | . . . Robots Built . | . . . Authchips . | . . . Time . | . . . Total Robot Build Rating . | . . . Part Schematics Acquired . | . . . Parts Built . | . . . Authchips . | . . . Time . | . . . Total Part Build Rating . | . . . Parts Repaired . | . . . Time . | . . . Parts Recycled . | . . . Recycled Matter . | . . . Retrieved Matter . | . . . Retrieved Components . | . . . Parts Scanalyzed . | . . . Part Schematics Acquired . | . . . Parts Damaged . | . . . Bothacking | -11 -10 -9 ------------ Run | Yrd Mat Mat Used RIF Installer . | . . . Robots Hacked . | . . . Non-combat . | . . . Combat . | . . . Robot Hacks Applied . | . . . Relay Couplers Released . | . . . Fabnet Peak Effective % . | . . . Robots Rewired . | . . . Allies Hacked . | . . . Hacks Repelled . | . . . Allies | -11 -10 -9 -------- Run | Yrd Mat Mat Total Allies . | . . . Largest Group . | . . . Highest-Rated Group . | . . . Highest-Rated Ally . | . . . Total Orders . | . . . Ally Attacks . | . . . Total Damage . | . . . Kills . | . . . Allies Corrupted . | . . . Allies Melted . | . . . Intel | -11 -10 -9 ------- Run | Yrd Mat Mat Robot Analysis Total . | . . . Derelict Logs Recovered . | . . . Drone Launches . | . . . Drone Recoveries . | . . . Exploration | -11 -10 -9 ------------- Run | Yrd Mat Mat Turns Passed 994 | 226 594 174 Spaces Moved 749 | 74 533 142 Core 42 | 11 16 15 Treads . | . . . Legs 334 | 63 271 . Wheels . | . . . Hover . | . . . Flight 373 | . 246 127 Fastest Speed 26 | 50 32 26 Average Speed 78 | 109 86 33 Slowest Speed 150 | 120 150 115 Overloaded Moves . | . . . Propulsion Burnouts . | . . . Robots Hopped 1 | . . 1 Cave-ins Triggered . | . . . Exploration Rate (%) 29 | 5 66 17 Regions Visited 2 Branch Regions . Pre-discovered Areas . | . . . Known Exits Taken . | . . . Unknown Exits Taken 2 | 1 1 . Scrap Searched . | . . . Spaces Dug . | . . . Terrain Destroyed 60 | . . 60 Melee . | . . . Projectile . | . . . AOE 60 | . . 60 Terrain Rammed . | . . . Walls Destroyed . | . . . Machines Disabled . | . . . Actions | -11 -10 -9 --------- Run | Yrd Mat Mat Total 1059 | 219 615 225 Wait 166 | 134 17 15 Move 745 | 73 532 140 Hop 1 | . . 1 Pick Up 27 | 6 17 4 Fast Attach . | . . . Attach 26 | 6 9 11 Detach 5 | . 2 3 Swap 5 | . 4 1 Drop 6 | . 4 2 Fire 76 | . 30 46 Melee 1 | . . 1 Ram 1 | . . 1 Kick . | . . . Crush . | . . . Escape Stasis . | . . . Rewire . | . . . Trap . | . . . Miscellaneous . | . . . Route ------- -11/Scrapyard -10/Materials (discovered 4 exits: [*Mat x2] / [*Min x2]) -9/Materials History --------- Turn | Location | Event 3 | -11/Scrapyard | Discovered new exit (range 15) 227 | -11/Scrapyard | Entered Materials 355 | -10/Materials | Discovered new exit (range 15) 358 | -10/Materials | Build established: Mutant 477 | -10/Materials | Discovered new exit (range 16) 546 | -10/Materials | Discovered new exit (range 11) 784 | -10/Materials | Discovered new exit (range 16) 821 | -10/Materials | Entered another Materials area 821 | -9/Materials | Evolved 2 slots: Propulsion x2 917 | -9/Materials | Core integrity fell below 50% 942 | -9/Materials | Destroyed 7 combat bots 954 | -9/Materials | Lost 5 parts (1p3n1w) 965 | -9/Materials | Core integrity fell below 20% 995 | -9/Materials | Destroyed by G-34 Mercenary with Small Laser Last Messages --------------- K-01 Serf collects debris. T-07 Excavator is excavating. Lgt. Assault Rifle destroyed. K-01 Serf collects debris. U-05 Engineer lays Concrete. Destroyed Hover Unit. Destroyed Lgt. Ion Engine. W-16 Scout destroyed. U-05 Engineer lays Concrete. K-01 Serf collects debris. U-05 Engineer lays Concrete. Acquired Mace. U-05 Engineer lays Concrete. EM Pulse Cannon destroyed. K-01 Serf collects debris. U-05 Engineer lays Concrete. T-07 Excavator is excavating. U-05 Engineer lays Concrete. K-01 Serf collects debris. U-05 Engineer lays Concrete. Map ----- +----------------------------------------------------+ | ?????????????????????????????????????????????????? | | ?????????????????????????????????????????????????? | | ?????????????????????????????????????????????????? | | ?????????????????????????????????????????????????? | | ?????????????????????????????????????????????????? | | ?????????????????????????????????????????????????? | | ?????????????????????????????????????????????????? | | ?????????????????????????????????????????????????? | | ?????????????????????????????????????????????????? | | ?????????????????????????????????????????????????? | | ?????????????????????????????????????????????????? | | ?????????????????????????????????????????????????? | | ?????????????????????????????????????????????????? | | ?????????????????????????????????????????????????? | | ???????????????????????????????????T ???????????? | | ?????????????????????????????????? ???????????? | | ????????????????????????????????? ???????????? | | ?????????????????????????????????# #???????????? | | ?????????????????????##??????????# #???????????? | | ?????????????????????# ??????????# #???????????? | | ?????????????????????#%??????????# #??######???? | | ????????????????# ??## ####??????# #? ??? | | ????????????????# ?# # ######?# # [[ ???? | | ????????????????# # g #?# # [[ ????? | | ???????????????## ## [ ] / ###!%=+ [[ ?????? | | ???????????????# # @ # = = ???????? | | ???????????????# # ! ## !%% #???######## | | ?????????????# %+ u # ##### | | ??????????????## [# ! % | | ?????????????# # g | | ?????????????# # k #??? | | ?????????????# #### # # # ##### #??? | | ?????????????##?????####### ## # ##???# #??? | | ??????????????????????????#####? ???# #??? | | ???????????????????????????????? #??# #??? | | ????????????????????????????????## #??# #??? | | ?????????????????????????????????? t ##??# #??? | | ??????????????????????????????????? ###???# #??? | | ??????????????????????????????????????????# #??? | | ??????????????????????????????????????????# #??? | | ??????????????????????????????????????????# #### | | ??????????????????????????????????????????# | | ?????????????????????????????############## ^#### | | ?????????????????????????????#]][ #??? | | ?????????????????????????????#]] ###########+##### | | ?????????????????????????????#!! #?????# # | | ?????????????????????????????#!! #?????# """"""" # | | ?????????????????????????????#] #?????# """"""" # | | ?????????????????????????????#]] #?????# """"""" # | | ?????????????????????????????#####?????# """"""" # | +----------------------------------------------------+ Best States ------------- Heat Dissipation 28 Energy Generation 10 Energy Capacity 250 Matter Stores 300 Matter Capacity 300 Sight Range 16 Terrain Scan Density 10 Evasion (%) 64 Item Schematics ----------------- None Robot Schematics ------------------ None Fabricated ------------ Nothing Alien Tech Used ----------------- None Achievements -------------- None Challenges ------------ None Game ------ Seed CentriumWeaponsAxe Manual? 0 Play Time 00:17:26 Cumulative 6.3 hours Start 2024.04.06 @ 18:53:37 End 2024.04.06 @ 19:09:01 Sessions 1 Manual Loads 0 Difficulty Rogue Special Mode None Game No. 7 Rogue 7 Adventurer 0 Explorer 0 Win Type - Total 0 Types 0/0/0/0/0/0/0/0/0 Lore% 2 Gallery% 14 Achievement% 9 Wizard Run 0 Options --------- Layout 1 ASCII 0 Keyboard 0 Movement Mouse Keybinds 0 Fullscreen 1 Font 24/Smallcaps Map View 50x35 Zoom Use 0% Tactical HUD 0 Map Filters NONE Filters NONE Steam 1 RUN: 536106c2-41ae-4c0e-88e8-c6197ae02d82